 Dungeon Sprint DCSS version 0.31-a0-276-ge00219d475 (webtiles) character file.

Game seed: 11012145815847325650

2393 Conn the Arsonist (level 9, -8/56 HPs)
             Began as an Octopode Fire Elementalist on July 15, 2023.
             Was a Priest of Sif Muna.
             Mangled by an orc knight
             ... wielding a +3 great mace
              (23 damage)
             ... in the Dungeon (Sprint III: "The Ten Rune Challenge").
             The game lasted 00:11:50 (1178 turns).

Conn the Arsonist (Octopode Fire Elementalist)      Turns: 1178, Time: 00:11:50

Health: -8/56      AC:  1    Str:  5    XL:     9   Next: 46%
Magic:  11/24      EV: 15    Int: 22    God:    Sif Muna [***...]
Gold:   44         SH:  4    Dex: 12    Spells: 12/30 levels left

rFire   . . .        c - +2 long sword (holy)
rCold   . . .        (no shield)
rNeg    . . .        (helmet restricted)
rPois   .            (no amulet)
rElec   .            (no ring)
rCorr   .            (no ring)
SInv    .            (no ring)
Will    .....        (no ring)
Stlth   ++++         (no ring)
HPRegen 0.29/turn    (no ring)
MPRegen 0.19/turn    (no ring)
                     (no ring)

%: no teleportation
@: no status effects
A: almost no armour, amphibious, 8 rings, camouflage 1, gelatinous body 1,
(nimble swimmer 1), tentacles, large bone plates 1, weak 1
a: Renounce Religion, Channel Magic, Forget Spell


You were in the Dungeon.
You worshipped Sif Muna.
Sif Muna was most pleased with you.
You visited 1 branch You collected 44 gold pieces.

Inventory:

Hand Weapons
 c - a +2 long sword of holy wrath (weapon)
 g - a +0 dagger
Scrolls
 e - a scroll of immolation
 h - a scroll of identify
Potions
 a - 2 potions of magic
 b - a potion of curing
 i - a potion of enlightenment
 j - a potion of attraction
 k - 2 potions of mutation


   Skills:
 + Level 3.1 Fighting
 + Level 2.1(2.4) Short Blades
 + Level 1.8(2.3) Long Blades
 + Level 5.8 Dodging
 + Level 6.4 Stealth
 + Level 1.4 Shields
 + Level 11.1 Spellcasting
 * Level 6.5 Conjurations
 + Level 3.2 Hexes
 + Level 13.0 Fire Magic
 * Level 4.8 Ice Magic


You had 12 spell levels left.
You knew the following spells:

 Your Spells              Type           Power      Damage    Failure   Level
a - Foxfire               Conj/Fire      100%       2x1d9     1%          1
b - Scorch                Fire           100%       2d9       1%          2
c - Inner Flame           Hex/Fire       47%        N/A       1%          3
d - Flame Wave            Conj/Fire      53%        2d13      1%          4
e - Ozocubu's Armour      Ice            33%        N/A       2%          3
f - Metabolic Englaciati  Hex/Ice        14%        N/A       28%         5

Your spell library contained the following spells:

 Spells                   Type           Power      Damage    Failure   Level
 Volatile Blastmotes      Fire/Tloc      80%        2d16      1%          3
 Simulacrum               Ice/Necr       11%        N/A       97%         6


Dungeon Overview and Level Annotations

Branches:
Dungeon (1/1)

Altars:
Cheibriados
Dithmenos
Elyvilon
Fedhas
Gozag
Hepliaklqana
Kikubaaqudgha
Makhleb
Nemelex Xobeh
Okawaru
Qazlal
Ru
Sif Muna
Trog
Uskayaw
Vehumet
Wu Jian
Xom
Yredelemnul
Zin
The Shining One
Jiyva
Lugonu

Shops:
D !


Innate Abilities, Weirdness & Mutations

You cannot wear most types of armour.
You are amphibious.
You can wear up to eight rings at the same time.
Your skin changes colour to match your surroundings (Stealth+).
Your rubbery body absorbs attacks. (AC +1, EV +1)
((You are camouflaged when in or above water. (Stealth+)))
You have tentacles for arms and can constrict up to eight enemies at once.
You are partially covered in large bone plates. (SH +4)
You are weak. (Str -2)


Message History

Press: ? - help, Dir - look around, f - activate A wave of flame ripples out!
The flame wave engulfs the orc knight but does no damage.
The orc knight is moderately wounded. (Press . to intensify the flame waves.)
The orc knight closely misses you.
Okay, then.
Unknown command.
Unknown command.
The orc knight is no longer more vulnerable to fire.
The orc priest invokes the aid of Beogh against you.
Beogh smites you!
The orc knight attacks as you move away!
The orc knight misses you.
There is an open door to the Ecumenical Temple here.
Casting: Flame Wave (dangerous; 1% risk of failure)
Confirm with . or Enter, or press ? or * to list all spells.
Casting: Flame Wave (dangerous; 1% risk of failure)
Press: ? - help, Dir - look around, f - activate A wave of flame ripples out!
The flame wave engulfs the orc knight!
Flame seeps out of the orc knight.
The orc knight is heavily wounded. (Press . to intensify the flame waves.)
The orc knight is engulfed in blazing flames.
Flame seeps out of the orc knight.
The orc knight hits you with a +3 great mace!!
The orc priest invokes the aid of Beogh against you.
Beogh smites you!
Okay, then.
The orc knight attacks as you move away!
The orc knight hits you with a +3 great mace!
* * * LOW HITPOINT WARNING * * *
The orc knight is engulfed in blazing flames.
Flame seeps out of the orc knight.
Okay, then.
Okay, then.
Okay, then.
You feel better.
The orc knight hits you with a +3 great mace!!
You die...

▓▓▓▓▓▓▓▓▓ ▓▓▓ ▓<..#...####
##.############
▓...#......#####..#___#___#__#$∩#
▓..##.......#..#..#...#__.#._#$..
▓##.##.##...#..#..###'#'###'##$..
##.##.###..##'#..#..........#o)
▓#.####.##..###...°.⌠o.......#)o
▓.###..##..####..o#...######'#o#
▓#.....##..###..@.#.⌠.#__#...#'##
###[.##...##.....#...#__#...#..~
##..##....#......#'###__#..o#.#§
#..###..##)#.....#)).#__#...o.#§
#[.# #..#####....#___#__+...#.#.
▓▓▓▓ ▓▓▓▓ ▓▓▓▓▓▓▓▓▓▓▓▓▓▓▓▓▓▓▓▓


You could see an orc knight (inner flame).

Vanquished Creatures
  Erica (D)
  An orc high priest (D)
  A deep elf pyromancer (D)
  A shadow (D)
  A necrophage (D)
  A water elemental (D)
  A jelly (D)
  Jessica (D)
  4 orc wizards (D)
  A wizard (D)
  A necromancer (D)
  3 humans (D)
  A kobold demonologist (D)
  A wolf (D)
  3 orcs (D)
  An endoplasm (D)
  A rat (D)
24 creatures vanquished.

Vanquished Creatures (others)
  40 foxfires (D)
40 creatures vanquished.

Grand Total: 64 creatures vanquished

Notes
Turn   | Place    | Note
-------+----------+-------------------------------------------
     0 | D        | Conn the Octopode Fire Elementalist began the quest for the
                  | Orb.
     0 | D        | Reached XP level 1. HP: 11/11 MP: 3/3
    61 | D        | Noticed Jessica
    77 | D        | Killed Jessica
    78 | D        | Reached skill level 5 in Fire Magic
    78 | D        | Reached XP level 2. HP: 17/17 MP: 0/6
    78 | D        | Reached XP level 3. HP: 21/21 MP: 0/7
    85 | D        | Learned a level 2 spell: Scorch
    89 | D        | Learned a level 3 spell: Inner Flame
   181 | D        | Reached skill level 6 in Fire Magic
   181 | D        | Reached XP level 4. HP: 11/27 MP: 1/9
   278 | D        | Gained mutation: You are agile. (Dex +4, Str/Int -1)
                  | [potion of mutation]
   278 | D        | Lost mutation: You are agile. (Dex +4, Str/Int -1) [potion
                  | of mutation]
   278 | D        | Gained mutation: You expend magic power (3 MP) to
                  | strengthen your wands. [potion of mutation]
   279 | D        | Lost mutation: You expend magic power (3 MP) to strengthen
                  | your wands. [potion of mutation]
   279 | D        | Gained mutation: Your spells are a little easier to cast,
                  | but a little less powerful. [potion of mutation]
   279 | D        | Gained mutation: Your magical capacity is low. (-10% MP)
                  | [potion of mutation]
   279 | D        | Gained mutation: One of your tentacles bears a spike.
                  | [potion of mutation]
   280 | D        | Lost mutation: One of your tentacles bears a spike. [potion
                  | of mutation]
   280 | D        | Lost mutation: Your magical capacity is low. (-10% MP)
                  | [potion of mutation]
   280 | D        | Lost mutation: Your spells are a little easier to cast, but
                  | a little less powerful. [potion of mutation]
   280 | D        | Gained mutation: You are weak. (Str -2) [potion of
                  | mutation]
   280 | D        | Gained mutation: You are partially covered in large bone
                  | plates. (SH +4) [potion of mutation]
   289 | D        | Noticed a water elemental
   292 | D        | Killed a water elemental
   293 | D        | Reached skill level 7 in Fire Magic
   293 | D        | Reached XP level 5. HP: 32/32 MP: 4/12
   299 | D        | Learned a level 4 spell: Flame Wave
   352 | D        | Noticed a human
   352 | D        | Noticed a human
   363 | D        | Killed a human
   364 | D        | Reached skill level 1 in Fighting
   364 | D        | Reached skill level 1 in Short Blades
   364 | D        | Reached skill level 5 in Stealth
   364 | D        | Reached skill level 1 in Hexes
   364 | D        | Reached skill level 8 in Fire Magic
   364 | D        | Reached XP level 6. HP: 25/38 MP: 2/15
   530 | D        | Killed a human
   531 | D        | Reached skill level 5 in Dodging
   531 | D        | Reached skill level 9 in Fire Magic
   531 | D        | Noticed a deep elf pyromancer
   535 | D        | Killed a deep elf pyromancer
   536 | D        | Reached skill level 11 in Fire Magic
   536 | D        | Reached XP level 7. HP: 45/45 MP: 3/19
   655 | D        | Found a glowing silver altar of Zin.
   655 | D        | Found an ornate altar of the Wu Jian Council.
   656 | D        | Found a hide-covered altar of Uskayaw.
   656 | D        | Found a glowing golden altar of the Shining One.
   656 | D        | Found a bloodstained altar of Trog.
   657 | D        | Found a white marble altar of Elyvilon.
   671 | D        | Found an iron altar of Okawaru.
   674 | D        | Found a radiant altar of Vehumet.
   674 | D        | Found a shimmering blue altar of Sif Muna.
   674 | D        | Found an ancient bone altar of Kikubaaqudgha.
   679 | D        | Reached XP level 8. HP: 50/50 MP: 13/20
   684 | D        | Became a worshipper of Sif Muna the Loreminder
   706 | D        | Learned a level 3 spell: Ozocubu's Armour
   712 | D        | Learned a level 5 spell: Metabolic Englaciation
   712 | D        | Found a basalt altar of Yredelemnul.
   712 | D        | Found a shadowy altar of Dithmenos.
   712 | D        | Found a sacrificial altar of Ru.
   820 | D        | Noticed a shadow
   825 | D        | Reached * piety under Sif Muna
   827 | D        | Killed a shadow
   832 | D        | Found a blossoming altar of Fedhas.
   832 | D        | Found a stormy altar of Qazlal.
   833 | D        | Found a snail-covered altar of Cheibriados.
   833 | D        | Found a burning altar of Makhleb.
   833 | D        | Found a hazy altar of Hepliaklqana.
   833 | D        | Found a shimmering altar of Xom.
   833 | D        | Found an opulent altar of Gozag.
   833 | D        | Found a sparkling altar of Nemelex Xobeh.
   833 | D        | Found a corrupted altar of Lugonu.
   833 | D        | Found a viscous altar of Jiyva.
   936 | D        | Noticed Erica
   944 | D        | Killed Erica
   945 | D        | Reached skill level 1 in Long Blades
   945 | D        | Reached skill level 1 in Shields
   945 | D        | Reached skill level 10 in Spellcasting
   945 | D        | Reached skill level 5 in Conjurations
   945 | D        | Reached skill level 12 in Fire Magic
   945 | D        | Reached XP level 9. HP: 8/55 MP: 13/23
  1132 | D        | Found Woz Hyneb's Distillery.
  1135 | D        | Reached ** piety under Sif Muna
  1142 | D        | Noticed an orc high priest
  1145 | D        | Noticed a hellwing
  1146 | D        | Killed an orc high priest
  1146 | D        | Reached *** piety under Sif Muna
  1147 | D        | Reached skill level 13 in Fire Magic
  1152 | D        | Noticed an orc knight
  1178 | D        | Mangled by an orc knight

Illustrated notes

Levels and vault maps discovered:
D:        dungeon_sprint_mu [sprint_mu_entry_cave, sprint_mu_temple_rooms,
          sprint_mu_d1_horrors, sprint_mu_d2_genie, sprint_mu_d3_branching,
          sprint_mu_orc_legion, sprint_mu_elf_gauntlet, sprint_mu_hive_nellie,
          sprint_mu_lair_fedhas, sprint_mu_vaults_butterflies,
          sprint_mu_slime_circle, sprint_mu_shoals_archi,
          sprint_mu_snake_twists, sprint_mu_blade_basic,
          sprint_mu_crypt_fortress, sprint_mu_tomb_spiral,
          sprint_mu_vestibule_basic, sprint_mu_gehenna_hellfire,
          sprint_mu_dis_giant, sprint_mu_tartarus_statrot,
          sprint_mu_cocytus_islands, sprint_mu_zot1]

Skill      XL: |  1  2  3  4  5  6  7  8  9 |
---------------+----------------------------+-----
Stealth        | 3 4 5 6 |  6.4
Spellcasting   | 3 4 6 8 10 11 | 11.1
Fire Magic     | 5 6 7 8 11 12 13 | 13.0
Dodging        | 3 4 5 |  5.8
Conjurations   | 2 4 5 6 |  6.5
Fighting       | 1 2 3 |  3.1
Short Blades   | 1 2 |  2.1
Hexes          | 1 2 3 |  3.2
Long Blades    | 1 |  1.8
Shields        | 1 |  1.4
Ice Magic      | 3 4 |  4.8

Action                     |  1- 3 |  4- 6 |  7- 9 || total
---------------------------+-------+-------+-------++-------
  Melee: Unarmed           |     1 |       |       ||     1
         Dagger            |     4 |       |       ||     4
         Constrict         |     1 |       |       ||     1
         Long sword        |       |       |     1 ||     1
   Cast: Foxfire           |     8 |     6 |    11 ||    25
         Scorch            |     3 |     7 |    12 ||    22
         Inner Flame       |       |     2 |     4 ||     6
         Flame Wave        |       |     1 |     4 ||     5
         Ozocubu's Armour  |       |       |     1 ||     1
    Use: Potion            |     1 |     5 |     2 ||     8
         Scroll            |       |     4 |     1 ||     5
  Dodge: Dodged            |     6 |       |     4 ||    10
  Block: Other             |       |     1 |     2 ||     3

Table legend: (Time is in decaauts)
 A = Elapsed time spent in this place.
 B = Non-inter-level travel time spent in this place.
 C = Inter-level travel time spent in this place.
 D = Time resting spent in this place.
 E = Time spent auto-exploring this place.
 F = Levels seen in this place.
 G = Mean time per level.
                   A        B        C        D        E       F      G
               +--------+--------+--------+--------+--------+-----+--------+
         Total |   1168 |   1168 |      0 |    615 |     77 |   1 | 1168.0 |
       Dungeon |   1168 |   1168 |      0 |    615 |     77 |   1 | 1168.0 |
               +--------+--------+--------+--------+--------+-----+--------+

Top non-repeatable levels by time:
       D: 1168 daAuts
